 Dungeon Crawl Stone Soup version 0.29.1-2-gbd0b4ee654 (webtiles) character file.

Game seed: 7864326073743951276

749 Goreval the Conjurer (level 7, -4/41 HPs)
             Began as an Octopode Hedge Wizard on Nov 16, 2022.
             Was a Follower of Sif Muna.
             Killed from afar by an electric eel (14 damage)
             ... with a bolt of electricity
             ... on level 5 of the Dungeon.
             The game lasted 00:19:28 (6009 turns).

Goreval the Conjurer (Octopode Hedge Wizard)        Turns: 6009, Time: 00:19:28

Health: -4/41      AC:  1    Str: 10    XL:     7   Next: 78%
Magic:  7/13       EV: 14    Int: 18    God:    Sif Muna [*.....]
Gold:   439        SH:  0    Dex: 11    Spells: 8/14 levels left

rFire   . . .      SeeInvis .   a - +0 dagger
rCold   . . .      Faith    .   (no shield)
rNeg    . . .      Spirit   .   b - +0 hat
rPois   .          Reflect  .   s - amulet of regeneration
rElec   .          Harm     .   A - ring of willpower
rCorr   .          Rampage  .   (no ring)
Will    +....                   (no ring)
Stlth   +++.......              (no ring)
HPRegen 0.93/turn               (no ring)
MPRegen 0.13/turn               (no ring)
                                (no ring)
                                (no ring)

@: no status effects
A: almost no armour, amphibious, 8 rings, camouflage 1, gelatinous body 1,
(nimble swimmer 1), tentacles
a: Renounce Religion, Channel Magic


You were on level 5 of the Dungeon.
You worshipped Sif Muna.
Sif Muna was aware of your devotion.
You visited 2 branches of the dungeon, and saw 6 of its levels.
You also visited: Sewer.

You collected 439 gold pieces.

Inventory:

Hand Weapons
 a - a +0 dagger (weapon)
 h - a +0 dagger of holy wrath
Armour
 b - a +0 hat (worn)
 v - a +1 buckler of protection
Jewellery
 l - an amulet of faith
 s - an amulet of regeneration (around mantle)
 A - a ring of willpower (left tentacle)
Scrolls
 f - a scroll of summoning {unknown}
 i - a scroll of enchant weapon {unknown}
 j - a scroll of magic mapping {unknown}
 m - a scroll of vulnerability {unknown}
 n - a scroll of torment {unknown}
 p - a scroll of blinking {unknown}
 t - 5 scrolls of identify {unknown}
 w - a scroll of fear {unknown}
 x - 2 scrolls of noise {unknown}
 y - a scroll of amnesia {unknown}
Potions
 c - a potion of magic
 d - 2 potions of mutation {unknown}
 e - a potion of cancellation {unknown}
 g - 4 potions of flight
 k - 2 potions of lignification {unknown}
 o - 2 potions of ambrosia {unknown}
 q - 2 potions of haste {unknown}
 r - 5 potions of curing
 u - a potion of heal wounds {unknown}
 z - a potion of brilliance {unknown}
 B - a potion of berserk rage {unknown}
 C - a potion of attraction {unknown}
 D - a potion of invisibility {unknown}


   Skills:
 - Level 4.0 Dodging
 + Level 3.6 Stealth
 + Level 4.4 Spellcasting
 * Level 5.1 Conjurations
 - Level 3.1 Summonings
 - Level 1.0 Translocations
 + Level 2.0 Invocations


You had 8 spell levels left.
You knew the following spells:

 Your Spells              Type           Power      Damage    Failure   Level
a - Magic Dart            Conj           88%        1d7       1%          1
b - Slow                  Hex            12%        N/A       14%         1
n - Blink                 Tloc           14%        N/A       14%         2
z - Call Imp              Summ           15%        N/A       6%          2

Your spell library contained the following spells:

 Spells                   Type           Power      Damage    Failure   Level
 Summon Small Mammal      Summ           60%        N/A       3%          1
 Apportation              Tloc           14%        N/A       10%         1
 Necrotise                Necr           12%        1d4       14%         1
 Conjure Flame            Conj/Fire      13%        6-21      16%         3
 Sublimation of Blood     Necr           3%         N/A       22%         2
 Mephitic Cloud           Conj/Pois/Air  10%        N/A       22%         3
 Animate Dead             Necr           3%         N/A       80%         4
 Cause Fear               Hex            1%         N/A       80%         4
 Petrify                  Tmut/Erth      3%         N/A       80%         4
 Irradiate                Conj/Tmut      6%         3d13      80%         5
 Dragon Form              Tmut           1%         N/A       100%        7
 Haunt                    Necr/Summ      4%         N/A       100%        7
 Infestation              Necr           1%         N/A       100%        8
 Dragon's Call            Summ           7%         N/A       100%        9


Dungeon Overview and Level Annotations

Branches:
Dungeon (5/15)             Temple (1/1) D:4           Sewer (visited)

Altars:
Ashenzari
Dithmenos
Elyvilon
Fedhas
Hepliaklqana
Makhleb
Nemelex Xobeh
Okawaru
Ru
Sif Muna
Uskayaw
Xom
Yredelemnul
Zin
The Shining One

Annotations:
D:2 Sigmund
D:5 exclusion: door


Innate Abilities, Weirdness & Mutations

You cannot wear most types of armour.
You are amphibious.
You can wear up to eight rings at the same time.
Your skin changes colour to match your surroundings (Stealth+).
Your rubbery body absorbs attacks. (AC +1, EV +1)
((You are camouflaged when in or above water. (Stealth+)))
You have tentacles for arms and can constrict up to eight enemies at once.


Message History

The bolt of electricity hits you!
The electric eel shoots out a bolt of lightning at you!
The bolt of electricity hits the plant!
The plant begins to die.
The bolt of electricity hits you!
* * * LOW HITPOINT WARNING * * *
You start resting.
You start resting.
You can't see that place. [an open door.]
You see here a troll corpse.
You open the door.
An electric eel is nearby!
A beastly little devil appears in a puff of flame.
You start resting.
The bolt of electricity hits your crimson imp!
Your crimson imp dies!
Your crimson imp disappears in a puff of smoke!
A bolt of electricity appears from out of your range of vision.
A beastly little devil appears in a puff of flame.
A metallic apparition takes form in the air.
Your crimson imp disappears in a puff of smoke!
The magic dart hits the electric eel!
The magic dart hits the electric eel.
The electric eel shoots out a bolt of lightning at you!
The bolt of electricity hits you!
The magic dart hits the electric eel.
The electric eel shoots out a bolt of lightning at you!
The bolt of electricity hits you.
You swap places.
You see here a troll corpse.
You swap places.
The magic dart hits the electric eel.
The electric eel shoots out a bolt of lightning at you!
The bolt of electricity hits you!
The electric eel shoots out a bolt of lightning at you!
The bolt of electricity hits you!
* * * LOW HITPOINT WARNING * * *
The electric eel shoots out a bolt of lightning at you!
The bolt of electricity hits you!
You die...

.....#..##.#....#.#
##########..#.........## #
##~~~~~...##...###.#...#
##.########~##..###.#...#
#†##S=.P..##~#......#...# .
#.#≈S[~P...#~#.######...#.
#.#≈.......#.#......#....
#.#≈≈$P...'#5#.####.#..#
##~##≈~~~. #@.#...##.#..#
##~##########†##.........##
#~##S.~P..##~~#######.....#
#~#≈S:P~...#~## #.#.......
#.#≈$.P...§#.# #.#.#.#...
#.#≈S$P..§§#.# #.#.......
##'##≈:~...#..# #.###.....
#...########.## #.# .....
##..#......###########.# ..
.


You could see 2 electric eels and a friendly iron imp (summoned).

Vanquished Creatures
  A troll (D:5)
  A black bear (D:4)
  An orc wizard (D:5)
  4 gnolls (D:4)
  3 adders
  A river rat (Sewer)
  2 worms (D:2)
  3 dart slugs
  3 orcs
  7 bats
  10 endoplasms
  3 giant cockroaches
  5 hobgoblins
  3 jackals (D:1)
  3 quokkas
  13 ball pythons
  4 frilled lizards
  9 goblins
  7 kobolds
  5 rats
88 creatures vanquished.

Vanquished Creatures (collateral kills)
  A kobold brigand (Sewer)
  A scorpion (D:5)
  A gnoll bouda (D:4)
  An iguana (D:4)
  3 gnolls (D:4)
  2 adders
  A shadow imp (D:5)
  An orc (D:5)
  A bat (D:2)
  2 endoplasms
  A giant cockroach (D:3)
  3 jackals (D:2)
  2 kobolds (Sewer)
20 creatures vanquished.

Vanquished Creatures (others)
  4 plants
  4 toadstools (D:1)
8 creatures vanquished.

Grand Total: 116 creatures vanquished

Notes
Turn   | Place    | Note
-------+----------+-------------------------------------------
     0 | D:1      | Goreval the Octopode Hedge Wizard began the quest for the
                  | Orb.
     0 | D:1      | Reached XP level 1. HP: 11/11 MP: 4/4
    32 | D:1      | Found a faded altar of an unknown god.
   220 | D:1      | Reached XP level 2. HP: 17/17 MP: 3/6
   223 | D:1      | Learned a level 2 spell: Blink
   226 | D:1      | Learned a level 2 spell: Call Imp
   703 | D:1      | Reached XP level 3. HP: 4/21 MP: 2/7
   705 | D:1      | Learned a level 1 spell: Slow
   933 | D:1      | Reached skill level 2 in Conjurations
  1647 | D:2      | Reached XP level 4. HP: 24/27 MP: 2/8
  2176 | D:2      | Noticed Sigmund
  2763 | D:3      | Found a glowing drain.
  2789 | Sewer    | Entered a sewer
  2899 | Sewer    | Noticed a kobold brigand
  2912 | Sewer    | Killed a kobold brigand
  2913 | Sewer    | Reached skill level 3 in Conjurations
  2913 | Sewer    | Reached XP level 5. HP: 23/31 MP: 5/10
  2983 | Sewer    | Found a white marble altar of Elyvilon.
  3740 | D:4      | Noticed a black bear
  3888 | D:4      | Found a staircase to the Ecumenical Temple.
  3899 | Temple   | Entered the Ecumenical Temple
  4241 | Temple   | Became a worshipper of Sif Muna the Loreminder
  4450 | D:4      | Reached XP level 6. HP: 36/36 MP: 8/11
  4469 | D:4      | Found a sparkling altar of Nemelex Xobeh.
  4692 | D:4      | Found a blossoming altar of Fedhas.
  4987 | D:5      | Entered Level 5 of the Dungeon
  5110 | D:5      | Reached skill level 4 in Conjurations
  5221 | D:4      | Killed a black bear
  5222 | D:4      | Reached XP level 7. HP: 36/41 MP: 3/13
  5797 | D:4      | Found a hazy altar of Hepliaklqana.
  5861 | D:5      | Reached * piety under Sif Muna
  5873 | D:5      | Noticed a troll
  5882 | D:5      | Killed a troll
  5883 | D:5      | Reached skill level 5 in Conjurations
  6009 | D:5      | Killed from afar by an electric eel

Illustrated notes

Levels and vault maps discovered:
D:1:      wander_arrival_chamber, layout_rooms, shapermc_ecumenical_altar_venn,
          minmay_gold_behind_fungi
D:2:      layout_basic, mrwooster_statue_mirror, serial_bayou_crossing,
          uniq_sigmund
D:3:      layout_basic, cheibrodos_sewer_entry_drain,
          chequers_serial_rivers_small_b, chequers_serial_rivers_room_a,
          wander_ebering_terrifying_dragon_lair
D:4:      layout_rooms, nzn_hepliaklqana_mist_gate, amcnicky_altar_gilded,
          nemelex_xobeh_ov_fountains_minmay, minmay_temple_entry_wispy,
          hex_large, minmay_snake_closets
D:5:      cheibrodos_two_vegetables, layout_basic, uniq_edmund
Temple:   hc_temple_tempest_star

Skill      XL: |  1  2  3  4  5  6  7 |
---------------+----------------------+-----
Conjurations   | 2 3 4 5 |  5.1
Summonings     | 2 3 |  3.1
Dodging        | 3 4 |  4.0
Spellcasting   | 4 |  4.4
Stealth        | 3 |  3.6
Invocations    | 2 |  2.0
Translocations | |  1.0

Action                   |  1- 3 |  4- 6 |  7- 9 || total
-------------------------+-------+-------+-------++-------
Melee: Dagger            |    32 |    55 |     5 ||    92
       Constrict         |    11 |    18 |     1 ||    30
       Tentacles         |     6 |    14 |     1 ||    21
 Cast: Magic Dart        |    56 |   107 |    28 ||   191
       Call Imp          |     7 |    18 |     7 ||    32
       Blink             |       |     2 |       ||     2
 Stab: Sleeping          |       |     5 |       ||     5
Armor: Skin              |     4 |     4 |       ||     8
Dodge: Dodged            |    52 |    45 |    10 ||   107
